 Dungeon Crawl Stone Soup version 0.27.1-33-g824d729ab1 (webtiles) character file.

Game seed: 841116007738314426

64 CoveEight the Digger (level 4, -5/24 HPs)
             Began as a Gargoyle Earth Elementalist on Dec 29, 2021.
             Slain by Crazy Yiuf (6 damage)
             ... on level 2 of the Dungeon.
             The game lasted 00:04:35 (2980 turns).

CoveEight the Digger (Gargoyle Earth Elementalist)  Turns: 2980, Time: 00:04:36

Health: -5/24      AC:  6    Str: 11    XL:     4   Next: 12%
Magic:  1/8        EV: 12    Int: 17    God:
Gold:   73         SH:  0    Dex: 10    Spells: 2/8 levels left

rFire    . . .     SeeInvis .   (no weapon)
rCold    . . .     Faith    .   (no shield)
rNeg     + . .     Spirit   .   b - +0 robe
rPois    ∞         Reflect  .   (no helmet)
rElec    +         Harm     .   d - +0 cloak
rCorr    .         Rampage  .   (no gloves)
Will     .....                  (no boots)
Stlth    ++........             (no amulet)
HPRegen  0.08/turn              (no ring)
MPRegen  0.11/turn              (no ring)

@: very slightly contaminated, slowed, very slow
A: sickness immunity, AC +3, negative energy resistance 1, electricity
resistance, torment resistance 1, petrification resistance
a: no special abilities


You were on level 2 of the Dungeon.
You visited 1 branch of the dungeon, and saw 2 of its levels.

You collected 73 gold pieces.

Inventory:

Missiles
 i - 31 stones
Armour
 b - a +0 robe (worn)
 d - a +0 cloak (worn)
Scrolls
 g - a scroll of identify {unknown}
 h - a scroll of vulnerability {unknown}
 j - a scroll of fear {unknown}
Potions
 a - a potion of curing {unknown}
 c - a potion of lignification {unknown}
 e - a potion of attraction {unknown}
 f - a potion of ambrosia {unknown}


   Skills:
 + Level 0.4 Fighting
 + Level 1.7 Dodging
 + Level 2.6 Stealth
 * Level 2.8 Spellcasting
 + Level 0.2 Conjurations
 + Level 0.9 Transmutations
 * Level 4.5 Earth Magic


You had 2 spell levels left.
You knew the following spells:

 Your Spells              Type           Power      Damage    Failure   Level
a - Sandblast             Erth           34%        2d9       2%          1
b - Passwall              Tmut/Erth      9%         N/A       9%          2
c - Stone Arrow           Conj/Erth      20%        3d8       21%         3

Your spell library contained the following spells:

 Spells                   Type           Power      Damage    Failure   Level
 Petrify                  Tmut/Erth      11%        N/A       50%         4


Dungeon Overview and Level Annotations

Branches:
Dungeon (2/15)

Altars:

Annotations:
D:2 Crazy Yiuf


Innate Abilities, Weirdness & Mutations

You are immune to sickness and miasma.
Your stone body is resilient. (AC +3)
You are immune to poison.
You resist negative energy. (rN+)
You are resistant to electric shocks. (rElec)
You are resistant to unholy torment.
You are immune to petrification.


Message History

Casting: Stone Arrow (extremely dangerous; 21% risk of failure)
Confirm with . or Enter, or press ? or * to list all spells.
Aiming: Sandblast (safe; 2% risk of failure)
Press: ? - help, Shift-Dir - straight line, f/p - Crazy Yiuf
Aim: Crazy Yiuf, wielding a +2 quarterstaff of chaos and wearing a +1 cloak of preservation (82% to hit)
The blast of sand misses Crazy Yiuf.
i - 34 stones Unknown command.
Casting: Sandblast (safe; 2% risk of failure)
Confirm with . or Enter, or press ? or * to list all spells.
Aiming: Sandblast (safe; 2% risk of failure)
Press: ? - help, Shift-Dir - straight line, f/p - Crazy Yiuf
Aim: Crazy Yiuf, wielding a +2 quarterstaff of chaos and wearing a +1 cloak of preservation (82% to hit)
The blast of sand hits Crazy Yiuf but does no damage.
i - 33 stones Crazy Yiuf hits you with a +2 quarterstaff of chaos.
You resist with some effort.
Casting: Sandblast (safe; 2% risk of failure)
Confirm with . or Enter, or press ? or * to list all spells.
Aiming: Sandblast (safe; 2% risk of failure)
Press: ? - help, Shift-Dir - straight line, f/p - Crazy Yiuf
Aim: Crazy Yiuf, wielding a +2 quarterstaff of chaos and wearing a +1 cloak of preservation (82% to hit)
The blast of sand hits Crazy Yiuf!
Crazy Yiuf is heavily wounded.
i - 32 stones Crazy Yiuf hits you with a +2 quarterstaff of chaos!
Ouch! That really hurt!
* * * LOW HITPOINT WARNING * * *
You feel yourself slow down.
Casting: Sandblast (safe; 2% risk of failure)
Confirm with . or Enter, or press ? or * to list all spells.
Aiming: Sandblast (safe; 2% risk of failure)
Press: ? - help, Shift-Dir - straight line, f/p - Crazy Yiuf
Aim: Crazy Yiuf, wielding a +2 quarterstaff of chaos and wearing a +1 cloak of preservation (heavily wounded, 82% to hit)
The blast of sand misses Crazy Yiuf.
i - 31 stones Crazy Yiuf hits you with a +2 quarterstaff of chaos.
* * * LOW HITPOINT WARNING * * *
Crazy Yiuf hits you with a +2 quarterstaff of chaos.
You die...

#########..#
#.......# #.
#.........##
#.......# #.
#.#######.#
#.......# #. #.#
###
#####.†.#####.
#.# #>..##....
#.# #........)
#÷###♣♣ ###
##..##.#..
#.....♣♣ ♣♣#..)#
##........
#......♣♣♣♣@g...#
#......#.#
##......♣..♣#...#
##.##.....
##....♣.♣♣♣ ###
#.###....
###♣♣♣♣♣
#.......#
######### #...
#.## #.#. #.#.


You could see Crazy Yiuf.

Vanquished Creatures
  A worm (D:2)
  3 dart slugs
  4 ball pythons
  4 endoplasms
  A giant cockroach (D:2)
  6 goblins
  4 hobgoblins (D:1)
  3 jackals (D:1)
  11 kobolds
  6 quokkas
  3 bats
  2 frilled lizards (D:1)
  2 rats
50 creatures vanquished.

Notes
Turn   | Place    | Note
-------+----------+-------------------------------------------
     0 | D:1      | CoveEight the Gargoyle Earth Elementalist began the quest
                  | for the Orb.
     0 | D:1      | Reached XP level 1. HP: 10/10 MP: 3/3
   133 | D:1      | Reached skill level 4 in Earth Magic
   191 | D:1      | Reached XP level 2. HP: 15/15 MP: 3/5
   194 | D:1      | Learned a level 2 spell: Passwall
   731 | D:1      | Reached XP level 3. HP: 19/19 MP: 1/6
   742 | D:1      | Learned a level 3 spell: Stone Arrow
  2494 | D:2      | Found a faded altar of an unknown god.
  2602 | D:2      | Reached XP level 4. HP: 24/24 MP: 6/8
  2762 | D:2      | Found a runed translucent door.
  2763 | D:2      | Noticed Crazy Yiuf
  2980 | D:2      | HP: 1/24 [Crazy Yiuf (5)]
  2980 | D:2      | Slain by Crazy Yiuf

Illustrated notes

Levels and vault maps discovered:
D:1:      dpeg_arrival_pits, layout_basic
D:2:      layout_loops_cross, shapermc_ecumenical_altar_acropolis, st_stairs_1,
          uniq_crazy_yiuf_cottage

Skill      XL: |  1 |
---------------+----+-----
Earth Magic    | 4 |  4.5
Fighting       | |  0.4
Dodging        | |  1.7
Stealth        | |  2.6
Spellcasting   | |  2.8
Conjurations   | |  0.2
Transmutations | |  0.9

Action                   |  1- 3 |  4- 6 || total
-------------------------+-------+-------++-------
Melee: Unarmed           |   123 |       ||   123
 Cast: Sandblast         |    50 |    11 ||    61
 Stab: Sleeping          |     1 |       ||     1
Armor: Robe              |    47 |       ||    47
Dodge: Dodged            |    83 |       ||    83
